 Dungeon Crawl Stone Soup version 0.17.2 (webtiles) character file.

2234 ololoev the Carver (level 9, 0/63 HPs)
             Began as a Mummy Chaos Knight on June 29, 2016.
             Slain by a giant frog (2 damage)
             ... on level 7 of the Dungeon.
             The game lasted 00:11:10 (7534 turns).

ololoev the Carver (Mummy Chaos Knight)             Turns: 7534, Time: 00:11:11

Health: 0/63       AC: 13    Str: 19      XL:     9   Next: 14%
Magic:  9/9        EV:  9    Int: 15      God:    Xom [...*..]
Gold:   277        SH:  0    Dex: 10 (11) Spells: 0 memorised, 8 levels left

rFire  x . .     SeeInvis +     b - +0 dagger (venom)
rCold  + . .     Clarity  .     s - +3 scale mail
rNeg   + + +     SustAt   .     (no shield)
rPois  ∞         Gourm    .     l - +0 helmet
rElec  .         Spirit   .     c - +0 cloak
rCorr  .         Warding  .     (no gloves)
rMut   .         Stasis   .     (no boots)
MR     +....                    (no amulet)
Stlth  +.........               (no ring)
                                f - ring "Resooc Wabao" {rPois rN+ Int+4 SInv Stlth+}

@: somewhat resistant to hostile enchantments, very unstealthy
A: no food or potions, fire vulnerability, cold resistance 1, negative energy
resistance 3, torment resistance, unbreathing
a: Renounce Religion


Innate Abilities, Weirdness & Mutations

You do not eat or drink.
Your flesh is vulnerable to fire.
You are immune to poison.
Your flesh is cold resistant.
You are immune to negative energy.
You are immune to unholy pain and torment.
You can survive without breathing.

Inventory:

Hand Weapons
 a - a +0 falchion of chaos
 b - a +0 dagger of venom (weapon)
Missiles
 o - 19 poisoned needles
 q - 5 silver javelins (quivered)
Armour
 c - a +0 cloak (worn)
 l - a +0 helmet (worn)
 s - a +3 scale mail (worn)
Jewellery
 f - the ring "Resooc Wabao" (left hand) {rPois rN+ Int+4 SInv Stlth+}
   (You found it on level 6 of the Dungeon)

   [ring of positive energy]

   It affects your intelligence (+4).
   It protects you from poison.
   It protects you from negative energy.
   It lets you see invisible.
   It makes you more stealthy.
Wands
 u - a wand of enslavement (5)
Scrolls
 d - 2 scrolls of enchant armour {unknown}
 e - 2 scrolls of noise {unknown}
 g - 2 scrolls of fog {unknown}
 h - 2 scrolls of remove curse {unknown}
 i - 3 scrolls of random uselessness {unknown}
 j - 3 scrolls of teleportation {unknown}
 k - a scroll of amnesia {unknown}
 m - 3 scrolls of identify {unknown}
 n - a scroll of blinking {unknown}
 p - 2 scrolls of immolation {unknown}
 r - 2 scrolls of magic mapping {unknown}
 t - a scroll of enchant weapon {unknown}


   Skills:
 - Level 3.0 Fighting
 * Level 8.4 Long Blades
 + Level 2.7 Throwing
 + Level 5.7 Armour
 - Level 0.7 Dodging


You had 8 spell levels left.
You didn't know any spells.


You were on level 7 of the Dungeon.
You worshipped Xom.
You were a favourite toy of Xom.
You were not hungry.

You visited 1 branch of the dungeon, and saw 7 of its levels.

You collected 277 gold pieces.

##### ##y.@###
#..#yFo## #.####o.#
### #(# ##.......#
##.# #.# ##...##..
#..# #.# #.!.# ###
#..######.# #..#
..###.....##..##
#..#
..§........§...#####
#...

Notes
Turn   | Place    | Note
--------------------------------------------------------------
     0 | D:1      | ololoev the Mummy Chaos Knight began the quest for the Orb.
     0 | D:1      | Reached XP level 1. HP: 18/18 MP: 1/1
    97 | D:1      | Reached XP level 2. HP: 20/24 MP: 2/2
   352 | D:1      | Reached XP level 3. HP: 29/29 MP: 3/3
  1061 | D:2      | Reached XP level 4. HP: 35/35 MP: 4/4
  1080 | D:2      | XOM: potion effect (haste)
  1289 | D:2      | Noticed Ijyb
  1307 | D:2      | XOM: silly message
  1308 | D:2      | Killed Ijyb
  1308 | D:2      | Reached skill level 4 in Long Blades
  1546 | D:2      | XOM: divination: detect items
  1555 | D:2      | Noticed Jessica
  1568 | D:2      | Killed Jessica
  1568 | D:2      | Reached XP level 5. HP: 28/41 MP: 5/5
  1624 | D:2      | XOM: cast spell 'Summon Small Mammal'
  1719 | D:2      | XOM: god gift: amethyst potion
  1836 | D:2      | Noticed Robin
  1900 | D:1      | XOM is BORED!
  1900 | D:1      | XOM: noise
  2171 | D:2      | XOM: enchant monster (bad)
  2226 | D:2      | Killed Robin
  2541 | D:3      | XOM: blink monster(s)
  2738 | D:3      | XOM: harmless Chrm miscast
  2849 | D:3      | XOM: medium Chrm miscast
  2853 | D:3      | Reached skill level 5 in Long Blades
  2853 | D:3      | Reached XP level 6. HP: 37/47 MP: 6/6
  3070 | D:3      | XOM: mild Summ miscast
  3114 | D:3      | XOM: divination: magic mapping
  3176 | D:3      | Noticed a phantom
  3205 | D:3      | XOM: summons friendly quasit
  3208 | D:3      | Killed a phantom
  3211 | D:3      | Killed a phantom
  3408 | D:3      | XOM: cast spell 'Summon Butterflies'
  3642 | D:3      | XOM: enchant monster (good)
  3653 | D:3      | XOM: vitrification
  3679 | D:3      | XOM: vitrification
  3767 | D:3      | XOM: silly message
  3833 | D:3      | XOM is BORED!
  3833 | D:3      | XOM: summons 5 hostile shadow creatures
  3877 | D:4      | XOM: snakes to sticks
  3903 | D:4      | Reached XP level 7. HP: 30/52 MP: 7/7
  3917 | D:4      | XOM: stat loss: -1 Dex (10/11)
  4072 | D:4      | Reached skill level 6 in Long Blades
  4416 | D:4      | XOM: 8-stop teleportation journey
  4453 | D:4      | Found a radiant altar of Vehumet.
  4500 | D:4      | Noticed Menkaure
  4504 | D:4      | Killed Menkaure
  4504 | D:4      | XOM: divine lightning (protected)
  4573 | D:4      | XOM: confuse monster(s)
  4626 | D:4      | XOM: summons friendly shadow imp
  4789 | D:4      | Found a shimmering altar of Xom.
  4911 | D:4      | XOM: god gift: 5 silver javelins
  5084 | D:5      | Entered Level 5 of the Dungeon
  5094 | D:5      | XOM: silly message
  5199 | D:5      | XOM: medium Tloc miscast
  5366 | D:5      | Reached XP level 8. HP: 53/58 MP: 8/8
  5414 | D:5      | Found a staircase to the Ecumenical Temple.
  5509 | D:5      | XOM: confuse monster(s)
  5662 | D:5      | XOM: enchant monster (good)
  5670 | D:5      | XOM: enchant monster (good)
  5674 | D:5      | XOM: harmless Trmt miscast
  5677 | D:5      | Reached skill level 7 in Long Blades
  5701 | D:5      | Reached skill level 1 in Throwing
  5707 | D:5      | XOM: harmless Necr miscast
  5841 | D:5      | XOM: potion effect (agility)
  5906 | D:5      | XOM: mild Divn miscast
  5958 | D:5      | XOM: harmless Pois miscast
  6092 | D:5      | XOM: divination: detect items
  6103 | D:5      | XOM: medium Trmt miscast
  6144 | D:5      | Reached skill level 5 in Armour
  6218 | D:5      | Found a shimmering altar of Xom.
  6218 | D:5      | Found an iron altar of Okawaru.
  6225 | D:5      | Found a shadowy altar of Dithmenos.
  6229 | D:5      | Found a bloodstained altar of Trog.
  6340 | D:6      | XOM: divine lightning (protected)
  6348 | D:6      | Found a deep blue altar of Sif Muna.
  6416 | D:6      | XOM: cast spell 'Summon Butterflies'
  6552 | D:6      | XOM: fog
  6816 | D:6      | XOM: potion effect (haste)
  6852 | D:6      | Reached skill level 8 in Long Blades
  6859 | D:6      | Got a pitted tin ring
  6864 | D:6      | Identified the ring "Resooc Wabao" {rPois rN+ Int+4 SInv Stlth+} (You found it on level 6 of the Dungeon)
  6885 | D:6      | XOM: vitrification
  7047 | D:6      | Reached XP level 9. HP: 63/63 MP: 9/9
  7056 | D:6      | XOM: harmless Divn miscast
  7114 | D:6      | XOM: enchant monster (good)
  7155 | D:6      | Noticed Edmund
  7177 | D:6      | Killed Edmund
  7425 | D:7      | Got a jewelled quarterstaff
  7426 | D:7      | Identified the +1 quarterstaff of Dismay {speed, MR+} (You found it on level 7 of the Dungeon)
  7439 | D:7      | XOM: 2-stop teleportation journey
  7452 | D:7      | XOM: fog
  7493 | D:7      | XOM: cast spell 'Ring of Flames'
  7533 | D:7      | HP: 2/63 [giant frog (3)]
  7534 | D:7      | XOM: cast spell 'Summon Swarm'
  7534 | D:7      | Slain by a giant frog

Dungeon Overview and Level Annotations

Branches:
Dungeon (7/15)             Temple (0/1) D:5

Altars:
Dithmenos
Okawaru
Sif Muna
Trog
Vehumet
Xom


Message History

The orc priest is heavily wounded.
The giant frog hits you but does no damage.
The orc hits you but does no damage.
You closely miss the orc priest.
The orc priest is heavily wounded.
The orc priest closely misses you. The giant frog hits you.
You closely miss the orc priest.
The orc priest is heavily wounded.
The giant frog barely misses you. The orc closely misses you.
The orc priest mumbles some strange prayers to Beogh against you.
Something smites you!
The giant frog hits you but does no damage.
The orc priest closely misses you. The giant frog completely misses you.
Evoke which item? (* to show all) (? for menu, Esc to quit)
Okay, then.
The giant frog hits you but does no damage.
Evoke which item? (* to show all) (? for menu, Esc to quit)
Zapping:
u - a wand of enslavement (will waste charges)
Press: ? - help, Shift-Dir - straight line, f - giant frog
Aim: a giant frog (heavily wounded, chance to defeat MR: 46%)
The giant frog resists with some effort.
Evoking this partially-identified wand wasted a few charges.
The giant frog hits you but does no damage.
Evoke which item? (* to show all) (? for menu, Esc to quit)
Zapping:
u - a wand of enslavement {zapped: 2} (will waste charges)
Press: ? - help, Shift-Dir - straight line, f/p - giant frog
Aim: a giant frog (heavily wounded, chance to defeat MR: 46%)
The giant frog resists with some effort.
Evoking this partially-identified wand wasted a few charges.
The giant frog misses you. The giant frog hits you.
Evoke which item? (* to show all) (? for menu, Esc to quit)
Zapping:
u - a wand of enslavement {zapped: 4} (will waste charges)
Press: ? - help, Shift-Dir - straight line, f/p - giant frog
Aim: a giant frog (heavily wounded, chance to defeat MR: 46%)
The giant frog resists with some effort.
Evoking this partially-identified wand wasted a few charges.
Xom's power flows through you! The giant frog hits you.
You die... "What!?
That's it?"

You could see a giant frog, an orc priest, an orc and 2 friendly killer bees.

Vanquished Creatures
  Edmund (D:6)
  An ogre (D:4)
  A sky beast (D:7)
  5 phantoms
  2 giant frogs
  A centaur (D:5)
  A water moccasin zombie (D:6)
  A scorpion (D:4)
  A quasit (D:7)
  3 crimson imps
  4 hounds
  An orc wizard (D:5)
  A centaur skeleton (D:6)
  Ijyb (D:2)
  A jelly (D:5)
  3 orc priests
  5 worker ants
  A giant frog skeleton (D:6)
  Jessica (D:2)
  2 iguanas
  4 gnolls
  Robin (D:2)
  12 adders
  A shadow imp (D:7)
  3 oozes (D:1)
  An adder skeleton (D:4)
  4 worms
  8 giant geckos
  22 orcs
  2 ball pythons
  8 bats
  3 giant cockroaches
  14 goblins
  14 hobgoblins
  15 kobolds
  3 quokkas
  A ball python skeleton (D:4)
  2 giant gecko skeletons
  11 giant newts
  14 jackals
  A jackal skeleton (D:4)
  6 rats
187 creatures vanquished.

Vanquished Creatures (collateral kills)
  A phantom (D:3)
  A water moccasin skeleton (D:4)
  A gnoll (D:2)
3 creatures vanquished.

Vanquished Creatures (others)
  Menkaure (D:4)
  A crimson imp (D:6)
  A giant frog skeleton (D:6)
3 creatures vanquished.

Grand Total: 193 creatures vanquished

Action                   |  1- 3 |  4- 6 |  7- 9 || total
-------------------------+-------+-------+-------++-------
Melee: Falchion          |    47 |    26 |   117 ||   190
       Dagger            |    71 |   367 |   549 ||   987
Evoke: Wand              |       |       |     3 ||     3
 Stab: Paralysed         |       |       |    15 ||    15
       Confused          |       |       |     2 ||     2

Vault maps used:
D:1:      lemuel_arrival_hallway, serial_park_tiny_pond
D:2:      uniq_jessica, uniq_iyjb, uniq_robin
D:3:      first_bread, minmay_joined_circles
D:4:      fiery_altar_vehumet, xom_teletrap_fun, uniq_menkaure
D:5:      minitemple, minmay_temple_entry_grid, serial_co_window_serial,
          co_window_of_opportunity_a, co_window_of_opportunity_a,
          co_window_paths_a, co_window_paths_a, co_window_paths_a,
          co_window_corner_ca, co_window_of_opportunity_b, co_window_broadway_a,
          co_window_2corner, co_window_2corner, co_window_unsneaky_path_a,
          glass_columns_a, glass_columns_b, glass_columns_a
D:6:      nicolae_overflow_crystal_walls, uniq_edmund
